 Dungeon Crawl Stone Soup version 0.16-a0-2254-g943817a (webtiles) character file.

81340 Medar the Sharpshooter (level 15, -6/137 HPs)
             Began as a Minotaur Hunter on Nov 15, 2014.
             Was the Champion of Qazlal.
             Blown up by an orb spider (26 damage)
             ... with an orb of destruction
             ... on level 1 of the Spider Nest on Nov 16, 2014.
             The game lasted 01:50:29 (17601 turns).

Medar the Sharpshooter (Minotaur Hunter)           Turns: 17601, Time: 01:50:29

Health: -6/137     AC: 25    Str: 20 (22) XL:     15   Next: 26%
Magic:  20/20      EV:  7    Int:  9 (10) God:    Qazlal [******]
Gold:   1322       SH:  8    Dex: 14      Spells: 0 memorised, 14 levels left

rFire  . . .     SeeInvis .     b - +2 triple crossbow (freeze)
rCold  + . .     Clarity  .     X - +4 plate armour {rC+}
rNeg   . . .     SustAb   .     (no shield)
rPois  +         Gourm    .     (helmet restricted)
rElec  .         Spirit   .     e - +1 cloak
rCorr  +         Warding  .     w - +0 pair of gloves
rMut   .         Stasis   .     S - +1 pair of boots {Stlth+}
MR     ++...                    C - amulet of the Lost Blessings {rCorr Dex+2}
Stlth  ..........               q - ring of poison resistance
                                I - ring of Focseir {MR+ Slay+4, =R}

@: protected from physical damage, slowed, repel missiles, very slow, very
resistant to hostile enchantments, extremely unstealthy
A: retaliatory headbutt, hooves 1, horns 2, clever 1, deformed body,
deterioration 1, evolution 1
a: Upheaval, Elemental Force, Disaster Area, Renounce Religion


You were on level 1 of the Spider Nest.
You worshipped Qazlal.
Qazlal was exalted by your worship.
You were not hungry.

You visited 5 branches of the dungeon, and saw 26 of its levels.
You also visited: Labyrinth and Ice Cave.

You collected 2732 gold pieces.
You spent 1410 gold pieces at shops.

Inventory:

Hand weapons
 a - a +2 dire flail of holy wrath
 b - a +2 triple crossbow of freezing (weapon)
 c - a +1 whip of electrocution
 k - a +5 flail
 Q - the -2 great mace "Cluuntio" {elec, rF+}
   (You found it on level 1 of the Orcish Mines)

   Occasionally, upon striking a foe, it will discharge some electrical energy
   and cause terrible harm.
   It protects you from fire.
Missiles
 n - 22 bolts (quivered)
 o - 16 bolts of flame
Armour
 e - a +1 cloak (worn)
 w - a +0 pair of gloves (worn)
 J - the +3 salamander hide armour {+Rage rF++}
   (You took it off a minotaur in a labyrinth)

   It greatly protects you from fire.
   It lets you go berserk.
 S - a +1 pair of boots of stealth (worn)
 X - a +4 plate armour of cold resistance (worn)
Rods
 R - a +0 rod of shadows (10/10) {!a}
   (You found it in a labyrinth)
Jewellery
 g - an uncursed ring of see invisible
 m - a +5 ring of strength
 q - a ring of poison resistance (right hand)
 u - an uncursed amulet of resist mutation
 C - the amulet of the Lost Blessings (around neck) {rCorr Dex+2}
   (You found it on level 8 of the Lair of Beasts)

   [amulet of resist corrosion]

   It protects you from acid and corrosion.
   It affects your dexterity (+2).
 I - the ring of Focseir (left hand) {MR+ Slay+4, =R}
   (You took it off a minotaur in a labyrinth)

   [ring of protection from magic]

   It affects your accuracy and damage with ranged weapons and melee attacks
   (+4).
   It affects your resistance to hostile enchantments.
 P - an uncursed ring of teleport control
 U - an uncursed amulet of stasis
 W - the ring "Jaunoy" {MR+ Str+4}
   (You found it on level 6 of the Lair of Beasts)

   [ring of protection from magic]

   It affects your strength (+4).
   It affects your resistance to hostile enchantments.
Magical devices
 d - a wand of cold (10)
 D - a wand of disintegration (11)
 F - a wand of lightning (4)
 G - a wand of heal wounds (3)
 M - a wand of teleportation (1)
 Y - a wand of cold (7)
Scrolls
 h - a scroll of holy word
 i - 4 scrolls of teleportation
 j - 8 scrolls of enchant armour
 p - 3 scrolls of blinking
 y - 2 scrolls of remove curse {@r1}
 H - a scroll of fog
 T - 2 scrolls of recharging {unknown}
 V - a scroll of brand weapon
Potions
 l - 4 potions of curing {@q1}
 s - a potion of cure mutation {!q}
 t - 5 potions of restore abilities
 v - 2 potions of berserk rage {!q}
 A - 3 potions of haste
 B - 3 potions of agility
 K - 2 potions of heal wounds
 L - a potion of might
 O - 3 potions of resistance
Comestibles
 f - 14 bread rations
 r - 9 meat rations
 x - a poisonous chunk of flesh
 z - 29 fruits
 E - 18 beef jerkies
 N - a royal jelly


   Skills:
 - Level 13.8 Fighting
 + Level 14.9 Maces & Flails
 - Level 17.5 Crossbows
 - Level 13.9 Armour
 - Level 2.3 Dodging
 - Level 0.8 Stealth
 - Level 6.3 Invocations


You had 14 spell levels left.
You didn't know any spells.

Dungeon Overview and Level Annotations

Branches:
Dungeon (12/15)            Temple (1/1) D:6            Lair (8/8) D:9
 Shoals (0/5) Lair:6       Spider (1/5) Lair:3        Slime (0/6) Lair:6
    Orc (4/4) D:9             Elf (0/3) Orc:3

Altars:
Ashenzari
Cheibriados
Elyvilon
Fedhas
Gozag
Kikubaaqudgha
Nemelex Xobeh
Okawaru
Qazlal
Ru
Sif Muna
Trog
Vehumet
Xom
Yredelemnul
Zin
The Shining One
Beogh
Jiyva

Shops:
D:5 (   D:8 }   D:9 [   D:12 =   Orc:4 }%[*

Annotations:
D:4 Natasha
Spider:1 Nikola


Innate Abilities, Weirdness & Mutations

You reflexively headbutt those who attack you in melee.
You have a pair of horns on your head.
You have large cloven feet.
Your mind is acute. (Int +2)
Armour fits poorly on your strangely shaped body.
Your body is slowly deteriorating.
You evolve.


Message History

The demonic crawler hits you but does no damage.
The wolf spider hits you.
* * * LOW HITPOINT WARNING * * *
The wolf spider bites you but does no damage.
The orb spider weaves a glowing orb of energy.
A trapdoor spider and a redback come into view.
The demonic crawler hits you but does no damage. x2
You block the demonic crawler's attack. The wolf spider hits you!
* * * LOW HITPOINT WARNING * * *
You feel more protected from physical attacks.
The wolf spider bites you but does no damage.
You block the wolf spider's attack. The wolf spider bites you.
* * * LOW HITPOINT WARNING * * *
The demonic crawler waves its antennae.
The demonic crawler hits you but does no damage.
You block the demonic crawler's attack. The demonic crawler hits you.
* * * LOW HITPOINT WARNING * * *
You feel more protected from physical attacks.
The orb of destruction hits you!
You die...

... .......#.
.........((
..@..........
.......s....s #
...............
#......§§(#...#
#^....§§.§.#
#....§§@s§(#
........§sss#
.#....§§§w....#
#......§.(.#s.
#........ss(s>.
#.s#####.....
#. .... ...


You could see Nikola, a torpor snail, a demonic crawler, 2 wolf spiders, 3 orb
spiders, a trapdoor spider, a jumping spider and 3 redbacks.

Vanquished Creatures
  A frost giant (IceCv)
  An orc warlord (Orc:2)
  The ghost of hackum the Martial Artist, a powerful DgMo (Lair:7)
  A minotaur (Lab)
  3 ogre magi (Orc:4)
  8 hydras
  Erica (Lair:4)
  6 death yaks
  2 catoblepae (Lair:8)
  An orc high priest (Orc:2)
  Nergalle (Lair:6)
  An ice statue (IceCv)
  5 griffons
  3 manticores
  A wolf spider (Lair:3)
  8 elephants
  Maurice (D:8)
  A gargoyle (D:12)
  6 black mambas
  A torpor snail (Lair:7)
  5 komodo dragons
  8 spiny frogs
  5 fire drakes
  5 trolls
  4 wandering mushrooms (D:8)
  14 two-headed ogres
  25 polar bears
  A jumping spider (Spider:1)
  Grinder (D:5)
  A boulder beetle (Lair:8)
  5 blink frogs
  7 basilisks
  A redback (Spider:1)
  3 tarantellas
  49 yaks
  A spriggan (Lair:7)
  4 trapdoor spiders (Lair:3)
  A hungry ghost (D:7)
  2 deep elf magi
  A steam dragon (D:11)
  Grum (Orc:4)
  A fire elemental (Orc:4)
  10 hippogriffs
  4 vampire mosquitoes (D:12)
  11 wargs
  40 wolves
  10 porcupines
  11 water moccasins
  3 hell hounds (Lair:8)
  19 orc warriors
  4 sky beasts
  12 ice beasts
  17 black bears
  2 phantoms
  2 necrophages (D:9)
  7 centaurs
  28 ogres
  13 crocodiles
  Sigmund (D:7)
  3 big kobolds
  Blork the orc (D:4)
  10 giant frogs
  2 wyvern skeletons (D:10)
  3 scorpions
  11 wights
  12 killer bees
  3 goliath beetles
  A quasit (D:6)
  2 oklob saplings (D:8)
  3 electric eels
  A centaur zombie (D:6)
  2 giant frog zombies
  A yellow wasp zombie (D:8)
  23 orc priests
  3 jellies
  4 giant frog skeletons
  19 hounds
  5 orange rats (Lair:5)
  28 orc wizards
  4 spectral orcs (Lair:6)
  5 worker ants
  26 sheep
  6 iguanas
  A killer bee zombie (D:6)
  Ijyb (D:5)
  A hound zombie (D:6)
  A hound skeleton (D:6)
  3 mummies
  14 gnolls
  A worker ant zombie (D:5)
  14 adders
  2 shadow imps (D:10)
  A giant mite (D:3)
  58 green rats
  5 worms
  A giant gecko (D:1)
  An ooze (D:2)
  196 orcs
  A ball python (D:6)
  3 giant cockroaches
  17 goblins
  11 hobgoblins
  23 jackals
  7 quokkas
  13 bats
  A giant newt (D:1)
  28 kobolds
  12 rats
  A bush (Lair:3)
  48 fungi
  32 plants
1067 creatures vanquished.

Vanquished Creatures (collateral kills)
  An ogre mage (Orc:4)
  A komodo dragon (Lair:7)
  3 yaks
  An ogre (Orc:4)
  An iguana (Lair:3)
7 creatures vanquished.

Vanquished Creatures (others)
  A water elemental (Orc:4)
  A yak (IceCv)
  2 orcs
  A quokka (D:8)
  5 fungi
  7 plants
17 creatures vanquished.

Grand Total: 1091 creatures vanquished

Notes
Turn   | Place    | Note
--------------------------------------------------------------
     0 | D:1      | Medar, the Minotaur Hunter, began the quest for the Orb.
     0 | D:1      | Reached XP level 1. HP: 18/18 MP: 1/1
   137 | D:1      | Reached skill level 1 in Maces & Flails
   138 | D:1      | Reached XP level 2. HP: 23/25 MP: 1/1
   488 | D:2      | Reached XP level 3. HP: 22/30 MP: 2/2
   606 | D:2      | Reached XP level 4. HP: 17/37 MP: 2/2
   667 | D:2      | Found a sparkling altar of Nemelex Xobeh.
   753 | D:3      | Reached skill level 5 in Maces & Flails
   844 | D:2      | Reached XP level 5. HP: 28/42 MP: 2/2
  1016 | D:3      | Reached skill level 6 in Maces & Flails
  1069 | D:3      | Found a shimmering altar of Xom.
  1071 | D:3      | Found a shimmering altar of Xom.
  1071 | D:3      | Found a shimmering altar of Xom.
  1073 | D:3      | Found a shimmering altar of Xom.
  1073 | D:3      | Found a shimmering altar of Xom.
  1363 | D:4      | Noticed Natasha
  1460 | D:4      | Reached XP level 6. HP: 44/50 MP: 3/3
  1464 | D:4      | Reached skill level 7 in Maces & Flails
  1683 | D:5      | Entered Level 5 of the Dungeon
  1739 | D:5      | Got an ivory trident
  1740 | D:5      | Identified the +4 trident of the Eight Spirits {flame, Contam rF+ rC+} (You found it on level 5 of the Dungeon)
  1923 | D:5      | Reached skill level 8 in Maces & Flails
  1960 | D:5      | Found Qouphiom's Antique Weapon Emporium.
  2008 | D:5      | Noticed Blork the orc
  2058 | D:4      | Killed Blork the orc
  2089 | D:5      | Reached XP level 7. HP: 38/56 MP: 3/3
  2110 | D:5      | Noticed Grinder
  2133 | D:5      | Paralysed by Grinder for 2 turns
  2140 | D:5      | Killed Grinder
  2140 | D:5      | Reached skill level 9 in Maces & Flails
  2160 | D:5      | Noticed Ijyb
  2169 | D:5      | Killed Ijyb
  2246 | D:6      | Reached skill level 10 in Maces & Flails
  2281 | D:6      | Reached XP level 8. HP: 38/62 MP: 3/3
  2293 | D:6      | Found a staircase to the Ecumenical Temple.
  2303 | Temple   | Entered the Ecumenical Temple
  2358 | Temple   | Became a worshipper of Qazlal Stormbringer
  2443 | D:6      | Found a stormy altar of Qazlal.
  2485 | D:6      | Reached skill level 11 in Maces & Flails
  2687 | D:6      | Found a blossoming altar of Fedhas.
  2741 | D:6      | Reached skill level 12 in Maces & Flails
  2744 | D:6      | Noticed a deep elf mage
  2752 | D:6      | Killed a deep elf mage
  2752 | D:6      | Reached skill level 1 in Armour
  2769 | D:6      | Acquired Qazlal's first power
  2920 | D:7      | Reached skill level 5 in Fighting
  2920 | D:7      | Reached XP level 9. HP: 59/74 MP: 4/4
  3055 | D:7      | Noticed Sigmund
  3073 | D:7      | Killed Sigmund
  3073 | D:7      | Acquired Qazlal's second power
  3150 | D:8      | Reached skill level 5 in Armour
  3281 | D:8      | Noticed Maurice
  3292 | D:8      | Killed Maurice
  3426 | D:8      | Gained mutation: Your mind is acute. (Int +2) [mutagenic meat]
  3427 | D:8      | Found Psaxar's Gadget Shoppe.
  3598 | D:8      | Found a white marble altar of Elyvilon.
  3642 | D:8      | Found a basalt altar of Yredelemnul.
  3643 | D:8      | Found an iron altar of Okawaru.
  3717 | D:8      | Found a blossoming altar of Fedhas.
  3762 | D:8      | Reached skill level 5 in Crossbows
  3762 | D:8      | Reached XP level 10. HP: 80/90 MP: 4/4
  4071 | D:8      | Acquired Qazlal's third power
  4167 | D:9      | Reached skill level 1 in Invocations
  4402 | D:8      | Reached skill level 5 in Invocations
  4607 | D:8      | Acquired Qazlal's fourth power
  4781 | D:9      | Found Iniet's Antique Armour Shop.
  4810 | D:9      | Bought a pair of runed boots for 76 gold pieces
  4884 | D:9      | Found a staircase to the Lair.
  5115 | Lair:1   | Entered Level 1 of the Lair of Beasts
  5209 | Lair:1   | Noticed an elephant
  5215 | Lair:1   | Noticed an elephant
  5218 | Lair:1   | Noticed an elephant
  5222 | Lair:1   | Noticed an elephant
  5223 | Lair:1   | Killed an elephant
  5223 | Lair:1   | Reached XP level 11. HP: 59/95 MP: 16/16
  5229 | Lair:1   | Noticed an elephant
  5234 | Lair:1   | Killed an elephant
  5243 | Lair:1   | Killed an elephant
  5255 | Lair:1   | Killed an elephant
  5267 | Lair:1   | Killed an elephant
  5699 | Lair:2   | Got a crude hand axe
  5700 | Lair:2   | Identified the cursed +0 hand axe of Smuaklev {elec, rF+ MR++ Dex+2} (You found it on level 2 of the Lair of Beasts)
  5783 | Lair:3   | Noticed a five-headed hydra
  5797 | Lair:3   | Killed a five-headed hydra
  5813 | Lair:3   | Reached skill level 10 in Fighting
  5815 | Lair:3   | Found a hole to the Spider Nest.
  5842 | Lair:3   | Reached skill level 10 in Armour
  6676 | Lair:4   | Acquired Qazlal's fifth power
  6689 | Lair:4   | Noticed Erica
  6950 | Lair:5   | Noticed a seven-headed hydra
  6989 | Lair:5   | Killed a seven-headed hydra
  6989 | Lair:5   | Reached XP level 12. HP: 44/110 MP: 18/18
  7099 | Lair:6   | Reached skill level 10 in Crossbows
  7145 | Lair:6   | Noticed a four-headed hydra
  7173 | Lair:5   | Killed a four-headed hydra
  7469 | Lair:6   | Got an ancient glass ring
  7470 | Lair:6   | Identified the cursed ring "Jaunoy" {MR+ Str+4} (You found it on level 6 of the Lair of Beasts)
  7472 | Lair:6   | Found a staircase to the Shoals.
  7536 | Lair:6   | Noticed Nergalle
  7567 | Lair:6   | Killed Nergalle
  7745 | Lair:6   | Found a viscous altar of Jiyva.
  7746 | Lair:6   | Found a staircase to the Slime Pits.
  7953 | Lair:7   | Noticed hackum's ghost (powerful DgMo)
  7957 | Lair:7   | Noticed a four-headed hydra
  8033 | Lair:7   | Found an ancient bone altar of Kikubaaqudgha.
  8104 | Lair:7   | Reached skill level 13 in Crossbows
  8122 | Lair:7   | Found a frozen archway.
  8184 | IceCv    | Entered an ice cave
  8633 | IceCv    | Reached skill level 14 in Crossbows
  8847 | IceCv    | Reached XP level 13. HP: 84/116 MP: 18/18
  9281 | IceCv    | Noticed a frost giant
  9290 | IceCv    | Killed a frost giant
  9480 | Lair:7   | Killed a four-headed hydra
  9619 | Lair:7   | Noticed a six-headed hydra
  9627 | Lair:7   | Killed a six-headed hydra
  9805 | Lair:7   | Killed hackum's ghost
  9834 | Lair:8   | Entered Level 8 of the Lair of Beasts
 10416 | Lair:8   | Reached XP level 14. HP: 83/130 MP: 19/19
 10481 | Lair:8   | Reached skill level 15 in Crossbows
 11089 | Lair:8   | Reached skill level 16 in Crossbows
 11233 | Lair:8   | Got a vibrating steel amulet
 11235 | Lair:8   | Identified the amulet of the Lost Blessings {rCorr Dex+2} (You found it on level 8 of the Lair of Beasts)
 11393 | Lair:4   | Killed Erica
 11421 | Lair:3   | Noticed a death yak
 11438 | Lair:3   | Noticed a death yak
 11438 | Lair:3   | Killed a death yak
 11450 | Lair:3   | Killed a death yak
 11713 | D:9      | Bought a pair of gloves for 76 gold pieces
 11801 | D:8      | Bought a wand of heal wounds (3) for 546 gold pieces
 11997 | D:10     | Entered Level 10 of the Dungeon
 12020 | D:10     | Gained mutation: Armour fits poorly on your strangely shaped body. [mutagenic meat]
 12021 | D:10     | Gained mutation: You are partially covered in yellow scales (AC +2). [mutagenic meat]
 12077 | D:10     | Gained mutation: Your body is slowly deteriorating. [mutagenic meat]
 12078 | D:10     | Gained mutation: You have large cloven feet. [potion of beneficial mutation]
 12356 | D:10     | Reached skill level 17 in Crossbows
 12373 | D:10     | Gained mutation: You evolve. [mutagenic meat]
 12502 | D:10     | Identified Sif Muna's Grimoire of the Compass
 12510 | D:10     | Lost mutation: You are partially covered in yellow scales (AC +2). [evolution]
 12698 | D:11     | Found a labyrinth entrance.
 12749 | Lab      | Entered a labyrinth
 13319 | Lab      | Got a fine platinum ring
 13322 | Lab      | Identified the ring of Focseir {MR+ Slay+4} (You took it off a minotaur in a labyrinth)
 13336 | Lab      | Identified a cursed +0 rod of shadows (10/10) (You found it in a labyrinth)
 13632 | D:12     | Found a stormy altar of Qazlal.
 13732 | D:12     | Found Iraeriuf's Jewellery Shop.
 13739 | D:12     | Bought an uncursed ring of see invisible for 180 gold pieces
 13740 | D:12     | Bought an uncursed ring of poison resistance for 240 gold pieces
 13960 | D:12     | Identified a scroll of acquirement
 14307 | D:9      | Found a staircase to the Orcish Mines.
 14317 | Orc:1    | Entered Level 1 of the Orcish Mines
 14405 | Orc:1    | Found a runed door.
 14461 | Orc:1    | Found a roughly hewn altar of Beogh.
 14464 | Orc:1    | Got a shimmering great mace
 14465 | Orc:1    | Identified the cursed -2 great mace "Cluuntio" {elec, rF+} (You found it on level 1 of the Orcish Mines)
 14704 | Orc:2    | Found a bloodstained altar of Trog.
 14802 | Orc:3    | Noticed an orc warlord
 14909 | Orc:2    | Found a radiant altar of Vehumet.
 15175 | Orc:2    | Killed an orc warlord
 15363 | Orc:4    | Entered Level 4 of the Orcish Mines
 15721 | Orc:3    | Found a staircase to the Elven Halls.
 15777 | Orc:4    | Reached XP level 15. HP: 90/137 MP: 20/20
 16481 | Orc:4    | Noticed Grum
 16485 | Orc:4    | Killed Grum
 16670 | Orc:4    | Found Voahyvyon's Armour Boutique.
 16671 | Orc:4    | Found Crawuiv's Gadget Shoppe.
 16671 | Orc:4    | Found Muesu's Assorted Antiques.
 16671 | Orc:4    | Found Kloegur's Food Boutique.
 16693 | Orc:4    | Bought a scroll labeled LOSTUETWEM for 37 gold pieces
 16695 | Orc:4    | Bought a wand of teleportation (1) for 255 gold pieces
 17069 | Lair:2   | Noticed an eight-headed hydra
 17073 | Lair:2   | Killed an eight-headed hydra
 17127 | Lair:3   | Noticed a death yak
 17131 | Lair:3   | Killed a death yak
 17523 | Spider:1 | Entered Level 1 of the Spider Nest
 17530 | Spider:1 | Noticed Nikola
 17601 | Spider:1 | Blown up by an orb spider

Action                   |  1- 3 |  4- 6 |  7- 9 | 10-12 | 13-15 || total
-------------------------+-------+-------+-------+-------+-------++-------
Melee: Mace              |    56 |     7 |       |       |       ||    63
       Short sword       |     8 |       |       |       |       ||     8
       Flail             |       |    34 |       |       |       ||    34
       Morningstar       |       |    20 |       |       |       ||    20
       Whip              |       |    62 |   260 |   839 |  1059 ||  2220
       Lajatang          |       |       |       |     4 |       ||     4
       Dire flail        |       |       |       |       |   303 ||   303
       Great mace        |       |       |       |       |   105 ||   105
 Fire: Hand crossbow     |    27 |    20 |    48 |    70 |       ||   165
       Arbalest          |       |       |       |    57 |    89 ||   146
       Triple crossbow   |       |       |       |       |    95 ||    95
Invok: Upheaval          |       |       |       |     7 |       ||     7
       Elemental Force   |       |       |       |     4 |     1 ||     5
       Disaster Area     |       |       |       |       |     1 ||     1
Evoke: Wand              |       |       |       |     7 |       ||     7
  Use: Scroll            |       |     9 |     3 |    10 |    20 ||    42
       Potion            |       |     1 |     1 |     5 |     5 ||    12
 Stab: Fleeing           |       |       |       |       |     3 ||     3
  Eat: Chunk             |       |     4 |     7 |    13 |    32 ||    56
       Royal jelly       |       |       |       |     1 |       ||     1
       Beef jerky        |       |       |       |     1 |       ||     1
       Pizza             |       |       |       |       |     1 ||     1
